 Dungeon Crawl Stone Soup version 0.28.0-45-g0d030f2227 (webtiles) character file.

Game seed: 649420881715645912

74 NinjaNoafa the Blocker (level 4, -1/38 HPs)
             Began as a Gnoll Wanderer on Apr 13, 2022.
             Slain by an orc
             ... wielding a +2 hand axe of venom
              (3 damage)
             ... on level 3 of the Dungeon.
             The game lasted 00:04:05 (2655 turns).

NinjaNoafa the Blocker (Gnoll Wanderer)             Turns: 2655, Time: 00:04:06

Health: -1/38      AC:  2    Str: 14    XL:     4   Next: 28%
Magic:  5/5        EV: 12    Int: 11    God:
Gold:   160        SH:  0    Dex: 11    Spells: 5/5 levels left

rFire   . . .      SeeInvis .   a - +1 mace
rCold   . . .      Faith    .   b - +2 buckler
rNeg    . . .      Spirit   .   i - +0 robe
rPois   .          Reflect  .   (no helmet)
rElec   .          Harm     .   (no cloak)
rCorr   .          Rampage  .   (no gloves)
Will    .....                   (no boots)
Stlth   +.........              (no amulet)
HPRegen 0.12/turn               (no ring)
MPRegen 0.09/turn               (no ring)

@: confused, lethally poisoned (-1 -> -13), ambrosia-drunk
A: fangs 1, strong nose, distributed training
a: no special abilities


You were on level 3 of the Dungeon.
You visited 1 branch of the dungeon, and saw 3 of its levels.

You collected 160 gold pieces.

Inventory:

Hand Weapons
 a - a +1 mace (weapon)
Missiles
 d - 91 stones (quivered)
Armour
 b - a +2 buckler (worn)
 c - a +0 leather armour
 i - a +0 robe (worn)
Scrolls
 f - a scroll of amnesia
 g - a scroll of magic mapping
 h - a scroll of enchant armour
 j - a scroll of teleportation
 m - a scroll of brand weapon {unknown}
Potions
 e - a potion of ambrosia


   Skills:
 + Level 4.6 Fighting
 + Level 1.1 Short Blades
 + Level 1.1 Long Blades
 + Level 1.1 Axes
 + Level 6.6 Maces & Flails
 + Level 1.1 Polearms
 + Level 1.1 Staves
 + Level 1.1 Slings
 + Level 1.1 Bows
 + Level 1.1 Crossbows
 + Level 1.1 Throwing
 + Level 1.1 Armour
 + Level 2.7 Dodging
 + Level 1.1 Stealth
 + Level 8.5 Shields
 + Level 1.1 Unarmed Combat
 + Level 1.1 Spellcasting
 + Level 0.8 Conjurations
 + Level 0.8 Hexes
 + Level 0.8 Summonings
 + Level 0.8 Necromancy
 + Level 0.8 Translocations
 + Level 0.8 Transmutations
 + Level 0.8 Fire Magic
 + Level 0.8 Ice Magic
 + Level 0.8 Air Magic
 + Level 0.8 Earth Magic
 + Level 0.8 Poison Magic
 + Level 1.2 Invocations
 + Level 1.1 Evocations


You had 5 spell levels left.
You didn't know any spells.
Your spell library was empty.

Dungeon Overview and Level Annotations

Branches:
Dungeon (3/15)

Altars:
Xom


Innate Abilities, Weirdness & Mutations

You have very sharp teeth.
Your uncanny sense of smell can sniff out nearby items.
Your experience applies equally to all skills.


Message History

The withered plant crumbles away.
The howler monkey skeleton splashes around in the water.
You block the orc's attack.
You barely miss the howler monkey skeleton.
The howler monkey skeleton hits you. The orc hits you with a +0 hand axe.
The orc barely misses you.
Your unstable footing causes you to fumble your attack.
The howler monkey skeleton hits you. You block the orc's attack.
The orc hits you with a +2 hand axe of venom.
You are lethally poisoned!
You barely miss the orc.
You feel very sick.
The howler monkey skeleton barely misses you.
The orc hits you with a +0 hand axe.
* * * LOW HITPOINT WARNING * * *
The orc hits you with a +2 hand axe of venom!
* * * LOW HITPOINT WARNING * * *
You are more poisoned.
You feel better.
The howler monkey skeleton splashes around in the water.
The orc closely misses you.
The orc hits you with a +2 hand axe of venom.
* * * LOW HITPOINT WARNING * * *
You are lethally poisoned!
You are confused.
You feel invigorated.
* * * LOW HITPOINT WARNING * * *
You feel very sick.
The howler monkey skeleton barely misses you.
The orc splashes around in the water.
The orc hits you with a +2 hand axe of venom.
* * * LOW HITPOINT WARNING * * *
You are more poisoned.
* * * LOW HITPOINT WARNING * * *
You feel very sick.
You barely miss the orc.
* * * LOW HITPOINT WARNING * * *
You feel very sick.
The orc hits you with a +2 hand axe of venom.
You die...

*,,*,*,,***,****#,*#....#
****,,,,,,...#.....#.####..#
,,,,,,*,#..........#.......###
,≈,,,,,,...........####......#
≈≈,,,**,...........* #.#.##.#
≈≈,*,***##...#....,* #.#.#*.#
≈≈,*,,,,.........#** #...#*,#
,,,******#....≈≈.# #.###*,*
**** ##..≈≈≈Z@## #.####.# ,,*
#..≈§≈§o§o# #......# ,,****
#.#P§§§§§§# #.###### ,,,,,*
#....§§§.§# #.# ,***,*
########..#####.# ,***,**
##.......# ,,,,,,* #########
,**,,,* ,**,,,*


You could see 2 orcs and a howler monkey skeleton.

Vanquished Creatures
  A gnoll (D:1)
  An adder (D:3)
  3 worms (D:2)
  A dart slug (D:2)
  2 ball pythons
  3 endoplasms
  A giant cockroach (D:2)
  5 goblins
  7 hobgoblins
  A kobold (D:3)
  2 quokkas
  A ball python skeleton (D:3)
  3 bats
  4 frilled lizards
  8 rats (D:1)
43 creatures vanquished.

Vanquished Creatures (others)
  A withered plant (D:3)
1 creature vanquished.

Grand Total: 44 creatures vanquished

Notes
Turn   | Place    | Note
-------+----------+-------------------------------------------
     0 | D:1      | NinjaNoafa the Gnoll Wanderer began the quest for the Orb.
     0 | D:1      | NinjaNoafa set off with the following items: a +1 mace, a
                  | +2 buckler, a +0 leather armour
     0 | D:1      | Reached XP level 1. HP: 20/20 MP: 1/1
   203 | D:1      | Reached XP level 2. HP: 23/26 MP: 2/2
   237 | D:1      | Found a faded altar of an unknown god.
  1040 | D:1      | Reached XP level 3. HP: 31/31 MP: 3/3
  1364 | D:2      | Reached skill level 1 in Invocations
  1574 | D:2      | Reached skill level 1 in Short Blades
  1574 | D:2      | Reached skill level 1 in Long Blades
  1574 | D:2      | Reached skill level 1 in Axes
  1574 | D:2      | Reached skill level 1 in Polearms
  1574 | D:2      | Reached skill level 1 in Staves
  1574 | D:2      | Reached skill level 1 in Slings
  1574 | D:2      | Reached skill level 1 in Bows
  1574 | D:2      | Reached skill level 1 in Crossbows
  1574 | D:2      | Reached skill level 1 in Throwing
  1574 | D:2      | Reached skill level 1 in Armour
  1574 | D:2      | Reached skill level 1 in Stealth
  1574 | D:2      | Reached skill level 1 in Unarmed Combat
  1574 | D:2      | Reached skill level 1 in Spellcasting
  1574 | D:2      | Reached skill level 1 in Evocations
  2137 | D:2      | Reached XP level 4. HP: 38/38 MP: 5/5
  2359 | D:3      | Noticed an ogre
  2406 | D:3      | Found a shimmering altar of Xom.
  2651 | D:3      | HP: 1/38 [orc/+2 hand axe of venom (7)]
  2655 | D:3      | Slain by an orc

Illustrated notes

Levels and vault maps discovered:
D:1:      dpeg_arrival_solitude, layout_loops_ring,
          hellmonk_ecumenical_altar_lost_god
D:2:      kb_forest_paths, layout_basic
D:3:      layout_loops_cross, xom_confusion_cloud, serial_undead,
          serial_undead_d, serial_undead_f, serial_undead_f, serial_undead_c

Skill      XL: |  1  2  3 |
---------------+----------+-----
Invocations    | 1 |  1.2
Short Blades   | 1 |  1.1
Long Blades    | 1 |  1.1
Axes           | 1 |  1.1
Polearms       | 1 |  1.1
Staves         | 1 |  1.1
Slings         | 1 |  1.1
Bows           | 1 |  1.1
Crossbows      | 1 |  1.1
Throwing       | 1 |  1.1
Armour         | 1 |  1.1
Stealth        | 1 |  1.1
Unarmed Combat | 1 |  1.1
Spellcasting   | 1 |  1.1
Evocations     | 1 |  1.1
Fighting       | |  4.6
Maces & Flails | |  6.6
Dodging        | |  2.7
Shields        | |  8.5
Conjurations   | |  0.8
Hexes          | |  0.8
Summonings     | |  0.8
Necromancy     | |  0.8
Translocations | |  0.8
Transmutations | |  0.8
Fire Magic     | |  0.8
Ice Magic      | |  0.8
Air Magic      | |  0.8
Earth Magic    | |  0.8
Poison Magic   | |  0.8

Action                   |  1- 3 |  4- 6 || total
-------------------------+-------+-------++-------
Melee: Mace              |    94 |    39 ||   133
       Bite              |    10 |     3 ||    13
  Use: Potion            |       |     6 ||     6
       Scroll            |       |     4 ||     4
 Stab: Sleeping          |     2 |       ||     2
Armor: Leather armour    |    13 |       ||    13
       Robe              |       |     5 ||     5
Dodge: Dodged            |    51 |    25 ||    76
Block: Buckler           |    29 |    18 ||    47
